 Dungeon Crawl Stone Soup version 0.28-a0-1080-g05a166d0ed (webtiles) character file.

Game seed: 8629426491967601524

86 jasper the Ducker (level 4, 0/23 HPs)
             Began as a Spriggan Fighter on Dec 9, 2021.
             Succumbed to an adder's poison
             ... on level 3 of the Dungeon.
             The game lasted 00:03:52 (3505 turns).

jasper the Ducker (Spriggan Fighter)                Turns: 3505, Time: 00:03:53

Health: 0/23       AC:  2    Str: 14    XL:     4   Next: 27%
Magic:  5/5        EV: 17    Int:  9    God:
Gold:   96         SH:  6    Dex: 14    Spells: 3/3 levels left

rFire   . . .      SeeInvis +   a - +0 rapier
rCold   . . .      Faith    .   c - +0 buckler
rNeg    + . .      Spirit   .   b - +0 robe
rPois   .          Reflect  .   (helmet restricted)
rElec   .          Harm     .   (no cloak)
rCorr   .          Rampage  .   (gloves unavailable)
Will    .....                   (boots unavailable)
Stlth   +.........              n - amulet of the acrobat
HPRegen 0.07/turn               i - ring of positive energy
MPRegen 0.09/turn               (no ring)

@: lethally poisoned (0 -> -7), very quick
A: very small, no large weapons, unfitting armour, see invisible, speed 3
a: no special abilities


You were on level 3 of the Dungeon.
You visited 1 branch of the dungeon, and saw 3 of its levels.

You collected 96 gold pieces.

Inventory:

Hand Weapons
 a - a +0 rapier (weapon)
Missiles
 h - 42 stones (quivered)
 o - 26 poisoned darts
Armour
 b - a +0 robe (worn)
 c - a +0 buckler (worn)
Jewellery
 i - a ring of positive energy (left hand)
 l - a +6 ring of intelligence
 n - an amulet of the acrobat (around neck)
Scrolls
 e - a scroll of silence {unknown}
Potions
 d - a potion of might
 f - a potion of haste
 j - 2 potions of curing {unknown}


   Skills:
 - Level 2.4 Fighting
 - Level 2.1(3.0) Short Blades
 + Level 2.2(2.5) Long Blades
 - Level 4.0 Dodging
 + Level 3.1 Shields


You had 3 spell levels left.
You didn't know any spells.
Your spell library was empty.

Dungeon Overview and Level Annotations

Branches:
Dungeon (3/15)

Altars:


Innate Abilities, Weirdness & Mutations

You are very small and have problems with some larger weapons.
You are too small for most types of armour.
You have supernaturally acute eyesight. (SInv)
You cover ground extremely quickly. (Speed+++)


Message History

You take 2 damage, and have 20/23 hp.
You barely miss the adder.
The adder is heavily wounded.
You feel sick. The adder barely misses you. The adder completely misses you.
You take 1 damage, and have 19/23 hp.
You closely miss the adder.
The adder is heavily wounded.
You feel sick. The adder bites you.
You are more poisoned.
The adder poisons you! The adder bites you.
You take 7 damage, and have 12/23 hp.
MASSIVE DAMAGE!!
You closely miss the adder.
The adder is heavily wounded.
You feel sick. The adder barely misses you.
You take 1 damage, and have 11/23 hp.
You hit the adder.
The adder is almost dead.
You feel sick. You block the adder's attack.
You take 1 damage, and have 10/23 hp.
You hit the adder but do no damage.
The adder is almost dead.
You feel sick. The adder closely misses you.
The adder bites you but does no damage.
You hit the adder but do no damage.
The adder is almost dead.
You feel sick. The adder barely misses you.
You take 2 damage, and have 8/23 hp.
You hit the adder but do no damage.
The adder is almost dead.
You feel sick.
You are no longer poisoned.
The adder bites you.
* * * LOW HITPOINT WARNING * * *
You are lethally poisoned!
The adder poisons you! The adder bites you.
* * * LOW HITPOINT WARNING * * *
You take 6 damage, and have 2/23 hp.
MASSIVE DAMAGE!!
You barely miss the adder.
The adder is almost dead.
You die...

.#.# ####.#.#
#.#....#.######
....##......#
#....####.#######
#>............... #
#.##.####'#######
#.##.##...........#
#.S@.#..........).#
########..........##
###.#........
#.########. #.# #†
#.# #. #.# #. #.# #.
#.# #.


You could see an adder.

Vanquished Creatures
  2 adders
  2 worms (D:2)
  2 ball pythons
  6 bats
  6 endoplasms
  4 giant cockroaches
  3 goblins (D:1)
  6 hobgoblins
  9 jackals
  4 quokkas
  A frilled lizard (D:1)
  3 kobolds
  5 rats
53 creatures vanquished.

Notes
Turn   | Place    | Note
-------+----------+-------------------------------------------
     0 | D:1      | jasper the Spriggan Fighter began the quest for the Orb.
     0 | D:1      | Reached XP level 1. HP: 11/11 MP: 2/2
   446 | D:1      | Reached XP level 2. HP: 15/16 MP: 3/3
   468 | D:1      | Reached skill level 1 in Long Blades
  1370 | D:1      | Reached XP level 3. HP: 15/19 MP: 4/4
  3062 | D:3      | Reached XP level 4. HP: 12/23 MP: 5/5
  3505 | D:3      | Succumbed to an adder's poison

Illustrated notes

Levels and vault maps discovered:
D:1:      matt_arrival_grand_opening, layout_loops_ring
D:2:      layout_basic, minmay_heptomino_w4
D:3:      kennysheep_goblin_castle, layout_basic, lemuel_crystal_altar

Skill      XL: |  1  2  3 |
---------------+----------+-----
Long Blades    | 1 2 |  2.2
Shields        | 3 |  3.1
Fighting       | |  2.4
Short Blades   | |  2.1
Dodging        | |  4.0

Action                   |  1- 3 |  4- 6 || total
-------------------------+-------+-------++-------
Melee: Rapier            |   139 |    38 ||   177
Throw: Stone             |     1 |     1 ||     2
       Boomerang         |     8 |     1 ||     9
       Throwing net      |       |     1 ||     1
  Use: Scroll            |     2 |       ||     2
 Stab: Sleeping          |     2 |       ||     2
Armor: Robe              |    14 |     5 ||    19
Dodge: Dodged            |    88 |    26 ||   114
Block: Buckler           |    35 |    18 ||    53

Table legend: (Time is in decaauts)
 A = Elapsed time spent in this place.
 B = Non-inter-level travel time spent in this place.
 C = Inter-level travel time spent in this place.
 D = Time resting spent in this place.
 E = Time spent auto-exploring this place.
 F = Levels seen in this place.
 G = Mean time per level.
                   A        B        C        D        E       F      G
               +--------+--------+--------+--------+--------+-----+--------+
         Total |   2822 |   2782 |     40 |    891 |   1458 |   3 |  940.7 |
       Dungeon |   2822 |   2782 |     40 |    891 |   1458 |   3 |  940.7 |
               +--------+--------+--------+--------+--------+-----+--------+

Top non-repeatable levels by time:
     D:1: 1210 daAuts
     D:2: 1101 daAuts
     D:3: 510 daAuts
